Map: Ruins of Seras

Players

SceNt - Winner!

  • Race: Terran Terran
  • League: Platinum

Bagain

  • Race: Protoss Protoss
  • League: Gold

VOD

Have the link to the VOD?

Description

Time

  • Played on: Feb. 5, 2016, 4:29 a.m.
  • Length: 10:25
Show
View Real Time Build Order
Export as new Build Order

SceNt Terran - Winner!

Build Orders: Reaper Expand, MMM Bio 

Get SALT Encoding   

  12  0:00  SCV  
  13  0:13  SCV  
  14  0:18  Supply Depot  
  14  0:25  SCV  
  15  0:40  Barracks, SCV  
  16  0:48  Refinery  
  16  0:52  SCV  
  16  0:55  Refinery  
  17  1:04  SCV  
  18  1:16  SCV  
  19  1:30  Reaper  
  20  1:40  Command Center  
  20  1:51  Orbital Command  
  20  2:01  Supply Depot  
  20  2:04  Marine  
  21  2:16  Bunker  
  21  2:17  SCV  
  21  2:22  Marine  
  23  2:33  Factory  
  23  2:43  SCV  
  24  2:45  Marine  
  24  2:50  Barracks  
  25  2:58  Engineering Bay  
  24  3:13  SCV  
  24  3:15  Orbital Command  
  24  3:19  Marine  
  26  3:27  Barracks, SCV  
  27  3:35  Missile Turret  
  27  3:41  SCV  
  28  3:45  Marine  
  28  3:46  Barracks Reactor  
  29  3:54  Missile Turret  
  29  3:55  SCV  
  30  4:00  SCV  
  31  4:07  SCV  
  32  4:11  Factory Tech Lab  
  32  4:12  Starport, Marine  
  32  4:14  Factory Reactor  
  32  4:15  Barracks Reactor  
  33  4:17  Barracks Tech Lab  
  33  4:20  SCV  
  33  4:22  Marine x2  
  36  4:30  Refinery  
  36  4:32  SCV  
  37  4:40  Barracks Tech Lab  
  37  4:41  Stimpack  
  37  4:44  Supply Depot  
  37  4:49  Marine x2  
  37  4:50  Missile Turret  
  37  4:51  SCV  
  40  4:54  SCV  
  40  4:57  Starport Reactor  
  43  5:00  Marauder  
  43  5:07  Marine x2  
  43  5:08  SCV  
  46  5:14  Marine  
  46  5:18  Supply Depot  
  46  5:20  Supply Depot, SCV  
  46  5:21  Marine  
  49  5:25  Combat Shields  
  49  5:30  SCV  
  49  5:33  Refinery, Medivac x2  
  53  5:56  SCV  
  54  5:58  Command Center  
  54  6:00  Marine x3  
  54  6:01  Marine  
  58  6:06  Widow Mine x2  
  62  6:18  Marine x3  
  64  6:19  Engineering Bay  
  64  6:21  SCV  
  64  6:23  SCV  
  64  6:25  Marine  
  68  6:33  SCV  
  68  6:34  Supply Depot  
  68  6:36  Marine  
  70  6:55  Marine  
  70  7:00  Marine x3  
  73  7:02  Liberator  
  73  7:04  SCV  
  74  7:13  Marine  
  75  7:18  Marine x2, Marauder  
  75  7:19  Medivac  
  75  7:22  Supply Depot, Terran Infantry Armor Level 1  
  84  7:30  Marine  
  84  7:33  Terran Infantry Weapons Level 1  
  84  7:34  Supply Depot  
  84  7:36  Marine, Marauder, Orbital Command  
  88  7:47  Barracks  
  88  7:53  Barracks  
  88  7:56  Liberator x2  
  88  8:02  SCV  
  88  8:03  SCV  
  90  8:11  Widow Mine x2  
  94  8:14  SCV  
  94  8:15  SCV  
  94  8:16  Marine x3  
  94  8:17  Marine  
  106  8:21  SCV  
  106  8:26  Supply Depot, Barracks  
  107  8:38  Marine x2  
  107  8:39  Concussive Shells  
  109  8:42  Barracks Reactor, Barracks Tech Lab  
  109  8:48  Marine x2  
  111  8:50  Supply Depot  
  111  8:52  SCV  
  112  8:57  Supply Depot, Armory  
  112  9:05  Marine x2  
  112  9:06  Marine, Marauder  
  117  9:18  Marine x3  
  117  9:22  Marine  
  117  9:23  Marine x2  
  125  9:24  Marauder  
  125  9:26  Barracks  
  125  9:27  SCV  
  125  9:28  Barracks  
  126  9:39  SCV  
  126  9:43  Barracks Reactor  
  127  9:50  Supply Depot  
  127  9:51  SCV  
  128  9:56  Refinery  
  128  10:03  SCV  
Show
View Real Time Build Order
Export as new Build Order

Bagain Protoss 

Build Orders:  

Get SALT Encoding   

  12  0:02  Probe (Chrono Boost)  
  13  0:12  Probe (Chrono Boost)  
  14  0:20  Pylon  
  14  0:23  Probe (Chrono Boost)  
  15  0:38  Probe (Chrono Boost)  
  15  0:39  Gateway  
  16  0:46  Assimilator  
  16  0:49  Probe (Chrono Boost)  
  17  0:57  Pylon  
  17  1:03  Probe (Chrono Boost)  
  18  1:13  Probe (Chrono Boost)  
  19  1:24  Probe (Chrono Boost)  
  20  1:27  Cybernetics Core  
  20  1:33  Assimilator  
  20  1:35  Probe (Chrono Boost)  
  21  1:45  Probe (Chrono Boost)  
  21  1:46  Gateway  
  22  1:56  Probe (Chrono Boost)  
  23  2:04  Warp Gate  
  23  2:07  Mothership Core (Chrono Boost)  
  25  2:20  Pylon, Stalker  
  27  2:29  Forge  
  27  2:45  Stalker  
  29  2:52  Pylon  
  29  2:54  Stalker  
  31  3:07  Photon Cannon  
  31  3:22  Nexus  
  31  3:33  Pylon  
  31  3:39  Adept  
  33  3:42  Adept  
  35  3:51  Probe (Chrono Boost)  
  36  4:01  Probe (Chrono Boost)  
  37  4:08  Gateway  
  37  4:17  Robotics Facility  
  37  4:23  Probe (Chrono Boost)  
  38  4:34  Probe (Chrono Boost)  
  38  4:38  Adept x2  
  43  4:44  Probe x2 (Chrono Boost)  
  45  4:48  Photon Cannon  
  45  4:55  Probe x2 (Chrono Boost)  
  47  5:05  Observer  
  49  5:07  Probe x2 (Chrono Boost)  
  49  5:10  Adept x2  
  54  5:19  Probe x2 (Chrono Boost)  
  55  5:23  Adept  
  55  5:26  Assimilator  
  57  5:31  Probe x2 (Chrono Boost)  
  57  5:32  Assimilator  
  59  5:42  Immortal  
  63  5:44  Probe (Chrono Boost)  
  63  5:45  Probe (Chrono Boost)  
  65  5:55  Probe x2 (Chrono Boost)  
  67  6:01  Adept  
  69  6:09  Photon Cannon  
  69  6:15  Photon Cannon  
  69  6:17  Photon Cannon  
  69  6:22  Probe (Chrono Boost)  
  70  6:27  Pylon  
  70  6:30  Pylon  
  70  6:45  Immortal, Probe x2 (Chrono Boost)  
  76  6:56  Probe (Chrono Boost)  
  77  7:03  Pylon  
  77  7:12  Probe (Chrono Boost)  
  78  7:16  Pylon x2  
  78  7:18  Pylon  
  78  7:29  Stalker x3  
  84  7:34  Immortal (Chrono Boost)  
  88  7:42  Gateway  
  88  7:43  Gateway  
  88  7:46  Gateway  
  88  7:48  Robotics Bay  
  88  8:02  Pylon  
  88  8:03  Stalker x3  
  94  8:05  Nexus  
  94  8:13  Observer (Chrono Boost)  
  94  8:18  Protoss Ground Weapons Level 1  
  95  8:26  Forge  
  94  8:38  Disruptor (Chrono Boost)  
  97  8:41  Adept  
  97  8:42  Adept x2  
  97  8:45  Adept x2  
  97  8:47  Adept  
  109  9:03  Pylon  
  109  9:05  Pylon  
  109  9:09  Disruptor (Chrono Boost)  
  112  9:10  Pylon  
  112  9:13  Assimilator  
  112  9:18  Assimilator  
  112  9:23  Adept x3  
  112  9:24  Adept  
  120  9:33  Photon Cannon  
  120  9:35  Photon Cannon  
  120  9:49  Probe  
  120  9:51  Probe  
  120  9:52  Probe  
  123  9:59  Probe  
  125  10:01  Probe  
  125  10:04  Probe  
  55  10:15  Adept x2  
  55  10:16  Adept x3  
Tags
 
Composition
MMM Bio
Matchup
PvT
Replay Pack
rep
Add a new tag
Caveats
  • Supply blocks, unpowered buildings, or Contaminate may cause inaccurate times.
  • Supply counts are checked every 10 seconds.